General information
- name: BNet
- type: Ladder team game (AT/RT)
- host: Battle.net
- saver: BEAR_AND
map: Highperch
- players: 6
- length: 756:19
- speed: Fast
- version: 1.21 W3XP
- replay type:

» download(1375 KB)
Players
team 1 (winner)
BEAR_AND (
teal | 6 APM | 4604 actions | 756:19)
7 Archmage
3 Blizzard
3 Brilliance Aura
1 Mass Teleport
» actions
| Assign group hotkey | 16 | |
| Basic commands | 63 | |
| Build / train | 142 | |
| Enter build submenu | 137 | |
| Enter hero's abilities submenu | 7 | |
| Give item / drop item | 1 | |
| Remove unit from queue | 5 | |
| Right click | 2254 | |
| Select / deselect | 1311 | |
| Select group hotkey | 309 | |
| Use ability | 359 | |
4604 total
» units
| Peasant | 14 | |
| Dragonhawk Rider | 30 | |
44 total
» upgrades
| Masonry | 3 | |
| Lumber Harvesting | 1 | |
| Magic Sentry | 1 | |
| Swords | 3 | |
| Armor | 3 | |
| Animal War Training | 1 | |
| Cloud | 1 | |
13 total
» buildings
| Altar of Kings | 1 | |
| Farm | 14 | |
| Scout Tower | 114 | |
| Lumber Mill | 2 | |
| Guard Tower | 51 | |
| Keep | 1 | |
| Arcane Sanctum | 1 | |
| Town Hall | 1 | |
| Gryphon Aviary | 4 | |
| Castle | 1 | |
| Barracks | 1 | |
| Blacksmith | 1 | |
| Arcane Vault | 2 | |
| Arcane Tower | 5 | |
199 total
» build order
00:07 Altar of Kings
00:09 Farm
00:42 Farm
01:26 Scout Tower
01:29 Scout Tower
01:31 Scout Tower
01:40 Lumber Mill
01:58 Scout Tower
02:27 Scout Tower
02:37 Guard Tower
02:37 Guard Tower
02:38 Guard Tower
02:39 Guard Tower
02:43 Scout Tower
03:05 Guard Tower
03:20 Guard Tower
03:22 Scout Tower
03:25 Scout Tower
03:33 Scout Tower
03:34 Scout Tower
03:36 Scout Tower
03:37 Scout Tower
04:02 Guard Tower
04:03 Scout Tower
04:26 Guard Tower
04:33 Scout Tower
04:34 Scout Tower
04:35 Guard Tower
04:37 Guard Tower
04:38 Scout Tower
04:39 Scout Tower
04:40 Scout Tower
04:41 Scout Tower
04:41 Scout Tower
05:06 Guard Tower
05:08 Scout Tower
05:19 Guard Tower
05:42 Guard Tower
05:52 Keep
06:13 Guard Tower
06:25 Guard Tower
06:43 Scout Tower
06:44 Scout Tower
06:45 Scout Tower
06:46 Scout Tower
07:14 Farm
07:16 Farm
07:16 Farm
07:17 Farm
07:17 Farm
07:23 Scout Tower
07:24 Scout Tower
07:25 Scout Tower
07:25 Scout Tower
07:36 Guard Tower
07:46 Guard Tower
08:10 Guard Tower
08:12 Guard Tower
08:15 Scout Tower
08:18 Scout Tower
08:25 Arcane Sanctum
08:44 Guard Tower
09:19 Guard Tower
10:16 Town Hall
10:27 Scout Tower
10:28 Scout Tower
10:29 Scout Tower
10:30 Scout Tower
10:48 Gryphon Aviary
10:52 Castle
10:58 Guard Tower
11:08 Scout Tower
11:10 Scout Tower
11:10 Scout Tower
11:11 Scout Tower
11:21 Scout Tower
11:23 Scout Tower
11:24 Scout Tower
11:26 Scout Tower
11:52 Guard Tower
12:32 Guard Tower
12:36 Guard Tower
12:46 Guard Tower
12:52 Barracks
12:54 Gryphon Aviary
12:57 Gryphon Aviary
13:16 Guard Tower
13:21 Guard Tower
14:09 Blacksmith
14:10 Guard Tower
14:14 Farm
14:15 Farm
14:16 Farm
14:18 Farm
15:22 Arcane Vault
16:21 Farm
16:23 Farm
16:24 Farm
18:35 Scout Tower
18:35 Scout Tower
19:20 Guard Tower
19:27 Scout Tower
19:28 Scout Tower
19:31 Scout Tower
19:33 Guard Tower
19:36 Scout Tower
19:41 Scout Tower
19:44 Scout Tower
19:46 Scout Tower
19:57 Scout Tower
19:59 Scout Tower
20:02 Scout Tower
20:05 Arcane Tower
20:05 Guard Tower
20:27 Scout Tower
20:28 Scout Tower
20:30 Scout Tower
20:33 Guard Tower
20:39 Scout Tower
20:45 Scout Tower
20:47 Scout Tower
20:51 Scout Tower
20:53 Scout Tower
21:28 Arcane Tower
21:29 Guard Tower
21:46 Guard Tower
21:47 Guard Tower
21:50 Scout Tower
22:48 Scout Tower
22:51 Scout Tower
22:51 Scout Tower
22:54 Scout Tower
22:55 Scout Tower
23:00 Scout Tower
23:03 Scout Tower
23:08 Scout Tower
23:11 Scout Tower
23:38 Arcane Tower
23:39 Guard Tower
24:03 Guard Tower
24:06 Guard Tower
27:21 Arcane Tower
32:51 Gryphon Aviary
33:41 Arcane Vault
34:04 Scout Tower
43:57 Scout Tower
44:03 Scout Tower
44:06 Scout Tower
44:50 Arcane Tower
44:55 Lumber Mill
45:32 Scout Tower
45:35 Scout Tower
45:54 Scout Tower
46:10 Guard Tower
46:11 Guard Tower
46:25 Guard Tower
46:26 Guard Tower
46:29 Scout Tower
47:10 Guard Tower
48:19 Scout Tower
48:21 Scout Tower
48:32 Scout Tower
48:49 Scout Tower
48:57 Scout Tower
49:03 Scout Tower
49:06 Scout Tower
49:28 Scout Tower
49:40 Scout Tower
49:53 Scout Tower
49:58 Scout Tower
50:31 Scout Tower
50:49 Scout Tower
52:33 Guard Tower
52:34 Scout Tower
53:03 Guard Tower
53:07 Scout Tower
59:50 Guard Tower
64:53 Scout Tower
64:53 Scout Tower
64:59 Scout Tower
65:08 Scout Tower
65:52 Guard Tower
66:30 Guard Tower
73:56 Guard Tower
144:42 Scout Tower
144:49 Scout Tower
148:35 Scout Tower
150:26 Scout Tower
151:08 Scout Tower
167:08 Scout Tower
167:17 Scout Tower
167:20 Scout Tower
167:22 Scout Tower
167:24 Scout Tower
167:26 Scout Tower
167:28 Scout Tower
167:32 Scout Tower
167:35 Scout Tower
» items
| Healing Salve | 1 | |
| Staff of Teleportation | 1 | |
| Scroll of Town Portal | 1 | |
| Mechanical Critter | 4 | |
| Tome of Retraining | 1 | |
8 total
bLinn (
purple | 34 APM | 7172 actions | 210:15)
9 Blademaster
3 Wind Walk
3 Critical Strike
1 Bladestorm
2 Mirror Image
» actions
| Assign group hotkey | 317 | |
| Basic commands | 131 | |
| Build / train | 87 | |
| Enter build submenu | 89 | |
| Enter hero's abilities submenu | 9 | |
| Give item / drop item | 13 | |
| Remove unit from queue | 6 | |
| Right click | 3899 | |
| Select / deselect | 1164 | |
| Select group hotkey | 631 | |
| Use ability | 823 | |
7172 total
» units
» upgrades
| Spiked Barricades | 3 | |
| Reinforced Defenses | 1 | |
| Liquid Fire | 1 | |
| Witch Doctor Training | 2 | |
7 total
» buildings
| Altar of Storms | 2 | |
| Orc Burrow | 5 | |
| War Mill | 1 | |
| Watch Tower | 70 | |
| Stronghold | 3 | |
| Voodoo Lounge | 2 | |
| Fortress | 3 | |
| Beastiary | 2 | |
| Spirit Lodge | 1 | |
89 total
» build order
00:02 Altar of Storms
00:10 Orc Burrow
00:19 War Mill
01:36 Watch Tower
01:37 Watch Tower
02:00 Watch Tower
02:13 Watch Tower
02:25 Watch Tower
02:33 Orc Burrow
03:20 Watch Tower
03:23 Watch Tower
04:16 Stronghold
04:16 Stronghold
04:20 Watch Tower
04:21 Watch Tower
04:38 Watch Tower
04:38 Watch Tower
04:43 Watch Tower
04:44 Watch Tower
04:48 Watch Tower
04:49 Watch Tower
05:02 Voodoo Lounge
05:04 Voodoo Lounge
05:12 Watch Tower
06:38 Fortress
06:38 Fortress
06:39 Fortress
06:46 Beastiary
06:48 Beastiary
06:52 Watch Tower
07:34 Watch Tower
07:35 Watch Tower
07:39 Watch Tower
07:42 Watch Tower
09:25 Watch Tower
09:26 Watch Tower
09:30 Watch Tower
09:31 Watch Tower
10:32 Orc Burrow
10:54 Watch Tower
10:57 Watch Tower
11:04 Watch Tower
12:15 Watch Tower
13:16 Watch Tower
13:18 Watch Tower
13:33 Orc Burrow
16:04 Spirit Lodge
19:09 Watch Tower
19:10 Watch Tower
19:37 Watch Tower
19:41 Watch Tower
19:43 Watch Tower
20:25 Watch Tower
20:28 Watch Tower
20:29 Watch Tower
21:54 Watch Tower
21:56 Watch Tower
22:24 Watch Tower
22:25 Watch Tower
22:27 Watch Tower
22:29 Watch Tower
22:30 Watch Tower
22:32 Watch Tower
22:34 Watch Tower
23:13 Watch Tower
23:18 Watch Tower
23:19 Watch Tower
23:39 Watch Tower
23:44 Watch Tower
23:46 Watch Tower
23:51 Watch Tower
25:37 Watch Tower
25:42 Watch Tower
25:43 Watch Tower
25:58 Watch Tower
26:02 Watch Tower
26:03 Watch Tower
28:55 Watch Tower
28:58 Watch Tower
28:59 Watch Tower
29:01 Watch Tower
29:07 Watch Tower
29:08 Watch Tower
29:12 Watch Tower
29:13 Watch Tower
29:15 Watch Tower
124:19 Altar of Storms
124:22 Orc Burrow
» items
| Healing Salve | 2 | |
| Lesser Clarity Potion | 3 | |
| Scroll of Speed | 1 | |
| Staff of Teleportation | 1 | |
| Boots of Speed | 1 | |
| Orb of Lightning | 1 | |
| Scroll of Town Portal | 2 | |
11 total
dirtmcwordup (
orange | 13 APM | 4661 actions | 363:53)
9 Warden
3 Shadow Strike
3 Blink
1 Spirit of Vengeance
2 Fan of Knives
» actions
| Assign group hotkey | 15 | |
| Basic commands | 173 | |
| Build / train | 80 | |
| ESC pressed | 5 | |
| Enter build submenu | 18 | |
| Enter hero's abilities submenu | 11 | |
| Give item / drop item | 6 | |
| Right click | 2447 | |
| Select / deselect | 426 | |
| Select group hotkey | 924 | |
| Use ability | 553 | |
4661 total
» units
| Wisp | 29 | |
| Druid of the Talon | 22 | |
51 total
» upgrades
| Nature's Blessing | 1 | |
| Druid of the Talon Training | 2 | |
| Ultravision | 1 | |
| Strength of the Wild | 3 | |
| Reinforced Hides | 3 | |
| Mark of the Talon | 1 | |
| Well Spring | 1 | |
12 total
» buildings
| Altar of Elders | 1 | |
| Moon Well | 9 | |
| Tree of Life | 1 | |
| Tree of Ages | 1 | |
| Ancient of Wind | 2 | |
| Ancient of Wonders | 1 | |
| Hunter's Hall | 1 | |
| Tree of Eternity | 1 | |
17 total
» build order
00:39 Altar of Elders
00:42 Moon Well
01:47 Moon Well
05:20 Tree of Life
05:28 Moon Well
05:29 Moon Well
07:31 Moon Well
07:32 Moon Well
07:39 Tree of Ages
07:44 Moon Well
10:52 Ancient of Wind
11:13 Ancient of Wonders
11:50 Hunter's Hall
11:52 Tree of Eternity
21:46 Ancient of Wind
26:18 Moon Well
33:38 Moon Well
» items
| Staff of Teleportation | 1 | |
| Boots of Speed | 1 | |
| Orb of Lightning | 1 | |
| Orb of Venom | 1 | |
| Tiny Great Hall | 1 | |
5 total
team 2 (loser)
Lichenwolf (
green | 23 APM | 2836 actions | 125:32)
3 Warden
2 Shadow Strike
1 Blink
2 Firelord
1 Summon Lava Spawn
1 Soul Burn
» actions
| Assign group hotkey | 28 | |
| Basic commands | 176 | |
| Build / train | 97 | |
| Enter build submenu | 29 | |
| Enter hero's abilities submenu | 5 | |
| Give item / drop item | 1 | |
| Remove unit from queue | 2 | |
| Right click | 1348 | |
| Select / deselect | 1012 | |
| Select group hotkey | 18 | |
| Use ability | 120 | |
2836 total
» units
| Wisp | 26 | |
| Huntress | 7 | |
| Chimaera | 8 | |
| Hippogryph | 15 | |
| Archer | 5 | |
| Dryad | 8 | |
69 total
» upgrades
| Strength of the Wild | 3 | |
| Reinforced Hides | 3 | |
| Druid of the Claw Training | 1 | |
| Corrosive Breath | 1 | |
| Hippogryph Taming | 1 | |
| Improved Bows | 1 | |
| Strength of the Moon | 1 | |
| Marksmanship | 1 | |
| Abolish Magic | 1 | |
| Ultravision | 1 | |
14 total
» buildings
| Altar of Elders | 1 | |
| Moon Well | 8 | |
| Hunter's Hall | 1 | |
| Ancient of War | 2 | |
| Ancient Protector | 4 | |
| Tree of Ages | 1 | |
| Tree of Eternity | 1 | |
| Ancient of Lore | 2 | |
| Ancient of Wind | 2 | |
| Tree of Life | 2 | |
| Chimaera Roost | 2 | |
| Ancient of Wonders | 1 | |
27 total
» build order
00:03 Altar of Elders
00:06 Moon Well
01:29 Hunter's Hall
01:50 Ancient of War
02:03 Moon Well
02:34 Ancient Protector
03:38 Moon Well
04:15 Tree of Ages
04:48 Moon Well
06:36 Moon Well
06:38 Tree of Eternity
07:12 Ancient of Lore
07:17 Ancient of Lore
07:45 Moon Well
10:03 Ancient of Wind
10:40 Tree of Life
11:52 Chimaera Roost
12:37 Chimaera Roost
13:49 Ancient of Wonders
16:00 Moon Well
16:04 Moon Well
20:26 Tree of Life
22:59 Ancient of Wind
23:04 Ancient Protector
23:06 Ancient Protector
23:10 Ancient Protector
25:32 Ancient of War
» items
| Orb of Venom | 1 | |
| Potion of Healing | 1 | |
| Potion of Mana | 1 | |
3 total
rubidium (
pink | 6 APM | 4198 actions | 756:17)
6 Death Knight
3 Death Coil
2 Unholy Aura
1 Animate Dead
» actions
| Assign group hotkey | 23 | |
| Basic commands | 26 | |
| Build / train | 61 | |
| ESC pressed | 2 | |
| Enter build submenu | 29 | |
| Enter hero's abilities submenu | 6 | |
| Give item / drop item | 12 | |
| Remove unit from queue | 1 | |
| Right click | 1947 | |
| Select / deselect | 809 | |
| Select group hotkey | 433 | |
| Use ability | 849 | |
4198 total
» units
| Acolyte | 7 | |
| Ghoul | 4 | |
| Crypt Fiend | 11 | |
| Meatwagon | 2 | |
| Obsidian Statue | 2 | |
26 total
» upgrades
| Burrow | 1 | |
| Web | 1 | |
| Creature Attack | 3 | |
| Creature Carapace | 0 | |
5 total
» buildings
| Altar of Darkness | 2 | |
| Crypt | 3 | |
| Ziggurat | 14 | |
| Graveyard | 1 | |
| Halls of the Dead | 1 | |
| Tomb of Relics | 1 | |
| Slaughterhouse | 3 | |
| Nerubian Tower | 7 | |
| Spirit Tower | 5 | |
| Temple of the Damned | 1 | |
| Black Citadel | 1 | |
39 total
» build order
00:04 Altar of Darkness
00:09 Crypt
00:12 Ziggurat
01:06 Graveyard
01:49 Ziggurat
02:07 Crypt
04:01 Ziggurat
05:25 Halls of the Dead
06:35 Ziggurat
08:15 Tomb of Relics
09:17 Ziggurat
10:09 Slaughterhouse
10:12 Slaughterhouse
14:17 Ziggurat
15:28 Ziggurat
15:30 Ziggurat
15:31 Ziggurat
16:31 Nerubian Tower
16:34 Spirit Tower
19:46 Ziggurat
19:51 Ziggurat
19:55 Ziggurat
21:52 Spirit Tower
25:19 Crypt
29:04 Slaughterhouse
29:06 Temple of the Damned
30:34 Spirit Tower
33:41 Black Citadel
38:47 Spirit Tower
40:09 Altar of Darkness
40:12 Ziggurat
40:13 Ziggurat
41:14 Spirit Tower
41:18 Nerubian Tower
41:18 Nerubian Tower
» items
| Dust of Appearance | 4 | |
| Circlet of Nobility | 3 | |
| Boots of Speed | 1 | |
8 total
sartren (
red | 12 APM | 2123 actions | 177:43)
4 Mountain King
2 Storm Bolt
2 Bash
4 Paladin
2 Holy Light
2 Divine Shield
» actions
| Assign group hotkey | 37 | |
| Basic commands | 3 | |
| Build / train | 109 | |
| ESC pressed | 3 | |
| Enter build submenu | 28 | |
| Enter hero's abilities submenu | 8 | |
| Give item / drop item | 4 | |
| Remove unit from queue | 1 | |
| Right click | 769 | |
| Select / deselect | 783 | |
| Select group hotkey | 225 | |
| Use ability | 153 | |
2123 total
» units
| Peasant | 13 | |
| Footman | 10 | |
| Mortar Team | 10 | |
| Sorceress | 6 | |
| Flying Machine | 12 | |
| Dragonhawk Rider | 13 | |
64 total
» upgrades
| Defend | 1 | |
| Lumber Harvesting | 2 | |
| Fragmentation Shards | 1 | |
| Gunpowder | 3 | |
| Magic Sentry | 1 | |
| Sorceress Training | 2 | |
| Flare | 1 | |
| Armor | 3 | |
| Barrage | 1 | |
| Flak Cannons | 1 | |
| Swords | 3 | |
| Cloud | 1 | |
20 total
» buildings
| Altar of Kings | 1 | |
| Farm | 14 | |
| Barracks | 1 | |
| Lumber Mill | 1 | |
| Keep | 1 | |
| Arcane Vault | 1 | |
| Blacksmith | 1 | |
| Scout Tower | 3 | |
| Arcane Tower | 1 | |
| Workshop | 1 | |
| Castle | 1 | |
| Arcane Sanctum | 1 | |
| Cannon Tower | 0 | |
| Guard Tower | 3 | |
| Gryphon Aviary | 2 | |
32 total
» build order
00:05 Altar of Kings
00:19 Farm
00:23 Barracks
00:59 Farm
01:35 Farm
02:17 Farm
02:22 Lumber Mill
02:56 Farm
03:59 Keep
04:16 Arcane Vault
04:38 Blacksmith
04:53 Scout Tower
04:59 Farm
05:23 Arcane Tower
06:01 Farm
06:36 Workshop
07:34 Castle
07:39 Farm
08:49 Farm
09:54 Arcane Sanctum
14:36 Farm
15:09 Scout Tower
15:49 Cannon Tower
15:52 Guard Tower
15:52 Guard Tower
15:54 Scout Tower
17:00 Farm
17:29 Guard Tower
17:55 Farm
18:54 Farm
19:43 Farm
25:20 Gryphon Aviary
25:23 Gryphon Aviary
» items
| Lesser Clarity Potion | 1 | |
| Scroll of Regeneration | 1 | |
| Potion of Healing | 1 | |
3 total
Chat log
(06:31 / Allies) bLinn: omw now
(06:57 / All) rubidium: rofl
(07:04 / All) BEAR_AND: rofl
(07:13 / All) dirtmcwordup: roffle
(07:35 / All) dirtmcwordup: ty 4 no stun
(09:28 / All) BEAR_AND: weclom
(21:11 / All) dirtmcwordup: gg
(21:17 / All) dirtmcwordup: u can leaf
(21:21 / All) dirtmcwordup: lol jhk
(21:22 / All) dirtmcwordup: jkj
(32:00 / All) dirtmcwordup: gg lol
(33:13 / All) rubidium: have you guys done thi before on thi map?
(33:16 / All) BEAR_AND: na
(33:20 / All) dirtmcwordup: do u have no s key
(33:22 / All) BEAR_AND: we been loseing a lot
(33:24 / All) dirtmcwordup: lol!
(33:29 / All) BEAR_AND: tried something crazey
(35:45 / Allies) bLinn: thanks for nothin
(35:48 / Allies) bLinn: had to use your warden
(36:00 / Allies) bLinn: no hp bro
(36:01 / Allies) bLinn: gl
(36:53 / Allies) bLinn: wanna kill off our towers down here to deny xp?
(38:24 / All) dirtmcwordup: *poog*
(40:25 / All) BEAR_AND: damn. .. . gg
(40:30 / All) BEAR_AND: u guys were bad tho
(40:32 / All) bLinn: our last base
(42:25 / All) dirtmcwordup: poog
(42:29 / All) dirtmcwordup: can u find my tree.
(42:34 / All) rubidium: how
(42:34 / All) dirtmcwordup: LOL
(42:38 / All) rubidium: how did you do that
(42:42 / All) BEAR_AND: how. r u an inden
(42:44 / All) bLinn: ? wat
(42:44 / All) BEAR_AND: indien
(43:08 / All) dirtmcwordup: incorrect plz try again
(43:20 / All) bLinn: gl hf
(44:17 / All) rubidium: I've got all week
(44:22 / All) BEAR_AND: interesting
(45:21 / Allies) BEAR_AND: bimaldo
(45:37 / Allies) bLinn: enrique iglesias
(45:43 / All) BEAR_AND: ¿
(45:52 / All) dirtmcwordup: do u really want it....do u really want it
(45:53 / All) bLinn: que hora?
(45:54 / All) Lichenwolf: spic
(45:59 / All) rubidium: yes
(46:03 / All) BEAR_AND: do u need this win so bad
(46:07 / All) BEAR_AND: you will wait a whole week.
(46:12 / All) rubidium: I will what ever it takes
(46:19 / All) bLinn: qu'est-ce qu'il fait aujourd'hui?
(46:22 / All) BEAR_AND: well the record is 18 hour
(46:31 / All) dirtmcwordup: hope u got "it" son...
(46:37 / All) rubidium: afk ftw
(46:42 / All) dirtmcwordup: i take a shit 3 times in one highperch how u feel about that
(46:44 / All) BEAR_AND: ok gl
(46:51 / All) bLinn: how does that make you FEEL
(46:55 / All) BEAR_AND: once i went to class in the mornign and came back and they had quit
(46:57 / All) BEAR_AND: 12 hours
(47:01 / All) dirtmcwordup: for me: felt good to release my bowels.
(47:01 / All) BEAR_AND: that one was pretty neat
(47:19 / All) dirtmcwordup: teh turd was about 19 inches long and 3 inches across....
(47:28 / All) dirtmcwordup: thats what she said LOL
(47:33 / All) BEAR_AND: for me: love to pwn no0b
(51:50 / All) Lichenwolf: d
(51:51 / All) Lichenwolf: d
(51:52 / All) rubidium: D
(51:52 / All) rubidium: D
(51:53 / All) rubidium: D
(51:53 / All) rubidium: D
(51:54 / All) rubidium: D
(51:54 / All) rubidium: D
(51:54 / All) rubidium: D
(51:55 / All) BEAR_AND: d???
(51:55 / All) Lichenwolf: d
(51:55 / All) rubidium: D
(51:56 / All) Lichenwolf: d
(51:56 / All) rubidium: D
(51:56 / All) rubidium: D
(51:56 / All) rubidium: D
(51:57 / All) rubidium: D
(51:57 / All) rubidium: D
(51:57 / All) rubidium: D
(51:57 / All) BEAR_AND: what is D for
(51:58 / All) Lichenwolf: d
(51:58 / All) rubidium: D
(51:58 / All) Lichenwolf: d
(51:58 / All) rubidium: D
(51:59 / All) Lichenwolf: d
(52:00 / All) Lichenwolf: d
(52:00 / All) Lichenwolf: d
(52:02 / All) Lichenwolf: d
(52:02 / All) Lichenwolf: d
(52:03 / All) Lichenwolf: d
(52:04 / All) BEAR_AND: nobodey is laging
(52:04 / All) Lichenwolf: d
(52:05 / All) Lichenwolf: d
(52:06 / All) Lichenwolf: d
(52:07 / All) Lichenwolf: d
(52:08 / All) Lichenwolf: d
(52:09 / All) Lichenwolf: d
(52:10 / All) Lichenwolf: d
(52:15 / All) Lichenwolf: well ur a nigger
(52:29 / Allies) bLinn: L
(52:30 / Allies) bLinn: L
(53:38 / All) bLinn: were is ur black citadel lol
(54:01 / All) rubidium: D
(54:02 / All) rubidium: D
(54:02 / All) Lichenwolf: d
(54:02 / All) Lichenwolf: d
(54:04 / All) BEAR_AND: nah
(54:12 / All) BEAR_AND: that happen when you take a screenshot on my comp
(60:03 / All) bLinn: were r all ur trees lol
(60:39 / All) BEAR_AND: WHERE ARE YOU GOING
(60:41 / All) BEAR_AND: STOP STOP STOP
(60:43 / All) BEAR_AND: U IDIOT
(61:04 / All) rubidium: our secret base
(61:11 / All) BEAR_AND: ours is better sorry
(61:15 / All) bLinn: not very secret
(63:29 / All) BEAR_AND: so you will do anything
(63:32 / All) BEAR_AND: for this win. ?
(63:36 / All) rubidium: Yes
(63:37 / All) bLinn: ... anything? ;)
(63:40 / All) dirtmcwordup: wat would u do for a klondike abr.
(63:52 / All) BEAR_AND: paypal $15 ($5 each) to kerr.tyler@gmail.com and we all leave
(65:06 / Allies) bLinn: brb don't let me die pls
(67:58 / All) BEAR_AND: L
(68:11 / All) Lichenwolf: d you dumbass
(68:13 / All) BEAR_AND: well
(68:16 / All) BEAR_AND: what does D stand for
(68:19 / All) BEAR_AND: what does it "mean"
(68:26 / All) Lichenwolf: drop you dumb nigger spic
(68:35 / All) BEAR_AND: well L means "leave politely please ."
(68:44 / All) Lichenwolf: bitch plz
(68:48 / All) BEAR_AND: are you angery?
(69:01 / All) BEAR_AND: no $$$$ in my paypal yet .
(69:07 / All) BEAR_AND: pay up or get out
(69:18 / All) BEAR_AND: ur revealed lmao
(69:21 / All) rubidium: hope u like spam
(69:38 / All) BEAR_AND: ok, here is how else we will leavf
(69:46 / All) BEAR_AND: call my phone & say "i submit to clan towa"
(69:53 / All) BEAR_AND: 647-869-9830
(71:51 / All) BEAR_AND: catch& release i alwasy say
(74:15 / All) rubidium: can I just mail u money
(74:23 / All) rubidium: take my word
(74:25 / All) BEAR_AND: yues but we would be here for a long time . ..
(74:29 / All) dirtmcwordup: when it get here w eleave
(74:31 / All) BEAR_AND: where u live?
(74:31 / All) rubidium: how bout some weed
(74:38 / All) rubidium: Dunkirk MD
(74:38 / All) dirtmcwordup: yo hook a niqqa up lol
(74:41 / All) BEAR_AND: haha
(74:45 / All) BEAR_AND: yea it would take like 2 weeks
(74:45 / All) dirtmcwordup: yo i live nyc i drive down 2 u
(74:47 / All) bLinn: not "what is your doctor's name"
(74:48 / All) BEAR_AND: i livein toronto
(74:51 / All) rubidium: 11020 Judith Lane
(75:49 / All) bLinn: how do u get internet on ur farm
(76:03 / All) rubidium: lol
(76:26 / All) bLinn: i am googlemapsing you now, go outside & wave
(76:35 / All) BEAR_AND: hey
(76:39 / All) BEAR_AND: wat is ur real name
(76:50 / All) Lichenwolf: Phil Collins
(76:57 / Allies) dirtmcwordup: Hall, Brian A11020 Judith LnDunkirk, MD 20754-2918(410) 257-7679
(76:58 / All) bLinn: is it Brian A. Hall
(78:16 / All) Lichenwolf: Do it
(78:19 / All) Lichenwolf: Do iy
(78:23 / Allies) bLinn: works fine
(78:38 / All) BEAR_AND: bro
(78:40 / All) BEAR_AND: wat is you're name
(81:02 / All) BEAR_AND: yo PINK
(81:09 / All) dirtmcwordup: pink uhere?
(81:11 / All) bLinn: r u b i d i u m
(81:13 / All) dirtmcwordup: we compromise; make a deal
(81:18 / All) rubidium: calling u
(81:18 / All) bLinn: r u d e b i d i u m
(81:45 / Allies) bLinn: ahahhahaha holy shit
(81:47 / Allies) dirtmcwordup: hahaha
(81:55 / Allies) bLinn: oh my goddd.d.d.d.d.d.
(82:17 / Allies) dirtmcwordup: aks him his name
(82:31 / Allies) bLinn: yo what the fuck
(82:32 / Allies) bLinn: was that noise
(82:39 / Allies) dirtmcwordup: was that a bong
(82:44 / Allies) dirtmcwordup: sounds like shit
(85:29 / Allies) bLinn: sartren = ian
(85:39 / Allies) bLinn: yes
(86:51 / All) dirtmcwordup: how long u gonnan stay
(86:56 / All) Lichenwolf: Forever
(86:56 / All) rubidium: all year
(87:04 / All) dirtmcwordup: ok dont pussy out and leave in a hour ok
(87:05 / All) bLinn: thats what they all say...
(87:14 / All) dirtmcwordup: u stya forever
(87:26 / All) BEAR_AND: ian are u pink's brother
(87:26 / All) rubidium: sartren will leave but not me
(87:32 / All) rubidium: fuck no
(87:33 / All) BEAR_AND: or you guys in a lan party
(87:38 / All) rubidium: phone
(87:45 / All) bLinn: Ian "Sartren" Montgomery
(87:45 / All) rubidium: I live in Maryland they live in texas
(87:46 / All) BEAR_AND: conference?
(87:50 / All) rubidium: lol
(88:00 / All) BEAR_AND: ???
(88:01 / All) dirtmcwordup: pink wats ur name
(88:05 / All) rubidium: richard
(88:09 / All) BEAR_AND: so
(88:11 / All) BEAR_AND: dick hall
(88:22 / All) rubidium: that's what she said
(88:22 / All) bLinn: that couldn't have been nice at school
(88:29 / All) sartren: lets conference all of us
(90:35 / All) dirtmcwordup: do uguys have ventrillo
(90:40 / All) rubidium: yeah
(90:44 / All) rubidium: me and sartren
(90:52 / All) dirtmcwordup: wats ur info
(90:55 / All) sartren: wheres my liter dammit
(91:01 / All) rubidium: guild info can't tell
(91:07 / All) dirtmcwordup: guild???????????????
(91:12 / All) BEAR_AND: what guil you in
(91:16 / All) dirtmcwordup: do u play guild wars.
(91:17 / All) bLinn: [Nerd]
(91:22 / All) rubidium: Regulators
(91:56 / All) dirtmcwordup: what guild,.
(92:04 / All) BEAR_AND: is that for wc3
(92:07 / All) BEAR_AND: or something dumb
(92:18 / All) bLinn: were ur chimeras
(92:19 / All) dirtmcwordup: bye
(92:23 / All) BEAR_AND: wel; no air, AFK
(92:36 / All) dirtmcwordup: good thing i got 2 comp and 2 cd key LOL
(93:12 / All) dirtmcwordup: dallas.nationvoice.com 3799 come join us LOL
(93:17 / All) dirtmcwordup: if u want..
(93:25 / All) rubidium: too lazy
(93:32 / All) dirtmcwordup: puss
(93:37 / All) dirtmcwordup: are u wearing boots.
(94:39 / Allies) dirtmcwordup: '
(94:41 / All) dirtmcwordup: pussyyyyyyyyyyyyy
(96:23 / All) Lichenwolf: wanna kill ourselfes so they don't get satisfaction of beating us?
(96:59 / All) bLinn: you just staying is satisfaction enough
(97:45 / All) bLinn: L
(97:50 / All) BEAR_AND: WElcome back
(97:55 / All) bLinn: weLcome back
(99:01 / All) Lichenwolf: wtf
(99:21 / All) Lichenwolf: stupid ian
(99:43 / All) BEAR_AND: do you know how we got up
(99:49 / All) rubidium: yeah
(99:49 / All) dirtmcwordup: how u guys enjoying my cock do u like the taste mmmmmmmm a big dog dick just for u
(99:55 / All) BEAR_AND: hmmmmm what is ur guess
(100:07 / All) rubidium: air unit, staff with item, built town hall, then tp
(100:19 / All) BEAR_AND: how can u staff to a air unit
(100:21 / All) dirtmcwordup: how u staff to air unit
(100:22 / All) BEAR_AND: that is impossible
(100:29 / All) rubidium: err blink
(100:36 / All) BEAR_AND: na
(100:51 / All) BEAR_AND: we were up when wardn was lvl1 (before blink)
(101:01 / All) bLinn: i guess you didn't do what we did because it's too complex
(101:04 / All) dirtmcwordup: next game vs u i get demon hunta
(101:07 / All) bLinn: you stick to simple strategies: wait till you lose
(101:24 / All) dirtmcwordup: if u put in ur game genie u can have demon hunta fly
(101:26 / All) rubidium: I'll always have the replay
(101:29 / All) bLinn: you're gonna end up with a fractional apm
(101:37 / All) BEAR_AND: i gues u don't know teh trick
(101:47 / All) BEAR_AND: ever use world edtiro?
(101:55 / All) rubidium: yeah
(102:08 / All) BEAR_AND: yuo know how units all have a spot in the .mpq file
(102:16 / All) dirtmcwordup: if u w00t hard enough ull fly up on ur wishes...
(103:00 / All) dirtmcwordup: my last name is wootsen i went to civil court to get it changed lol
(103:03 / All) BEAR_AND: wel blizzar (the spelL) and healing ward (the speLl) are on eithr side of Load Unit (the zeplin comand)
(103:11 / Allies) dirtmcwordup: because u know it sounds like wootson,,,,,son of W00T!!!!!!!
(103:15 / Allies) dirtmcwordup: Danny Wootsen
(103:29 / All) BEAR_AND: if you cast 2 wards on the Cave & blizzerd it ur ward become a zep
(103:30 / All) bLinn: hav u ever noticed: highperch is like a street you got 5 houses in a row on the minimap
(103:51 / All) BEAR_AND: i can't even see one of the house we have such a sweet Area
(103:58 / All) dirtmcwordup: im gonna shit this is shit number 4 for highperch wish me luck
(104:05 / All) bLinn: gl hf
(104:09 / All) dirtmcwordup: thanx
(104:13 / All) dirtmcwordup: yo rich and ian u guys here.
(104:21 / All) BEAR_AND: i think we are in our 80s for # of perches
(104:24 / All) BEAR_AND: maybe near 100
(104:37 / All) dirtmcwordup: shit to perch ratio is kind of low i need to pick it up BRB
(104:47 / All) bLinn: seeing as we're getting acquainted i'm blaze, orange is andy and teal is josh
(105:30 / All) dirtmcwordup: yo one time i got locked out of my house and i had to crap
(105:58 / All) Lichenwolf: and?!!?!?!!?
(106:06 / All) dirtmcwordup: oo lol i was talking to my dad
(106:08 / All) Lichenwolf: where did you shit?
(106:11 / All) dirtmcwordup: i took a shit behind my pool
(106:17 / All) Lichenwolf: hahahah
(106:17 / All) dirtmcwordup: and my dog came up and took a shit with me
(106:20 / All) dirtmcwordup: we bonded os much
(106:30 / All) Lichenwolf: ur a sick mofo
(109:48 / Allies) bLinn: the mighty boosh
(113:54 / All) bLinn: lol have u ever been playin a game of wc3 and u had to shit so bad but u didnt want 2 lose focus so u just used a sock ???
(115:53 / Allies) bLinn: hahaha they're still here
(117:10 / All) rubidium: nice one I caught your plan
(117:18 / All) bLinn: 7 ziggurats into it . . .
(120:36 / All) rubidium: cmon just finish
(120:40 / All) BEAR_AND: nah
(120:43 / All) dirtmcwordup: noep
(120:48 / All) dirtmcwordup: CHARGE!
(121:18 / All) dirtmcwordup: CHARGE1
(122:39 / All) BEAR_AND: they call me tyler "400apm" kerr
(123:03 / All) Lichenwolf: hey guys before we leave arre you canadian?
(123:07 / All) BEAR_AND: i am
(123:07 / All) dirtmcwordup: yes
(123:15 / All) Lichenwolf: kk
(123:15 / All) bLinn: richard "0.25 apm" hall
(123:24 / All) dirtmcwordup: fat america always lose to canada lol
(125:10 / All) Lichenwolf: back up
(125:13 / All) BEAR_AND: yes
(125:14 / All) BEAR_AND: back up
(125:28 / All) Lichenwolf: gg
(125:37 / All) BEAR_AND: did you really hold out thinking you COULD win
(125:40 / All) BEAR_AND: damn
(125:46 / All) dirtmcwordup: afk bye
(125:57 / All) dirtmcwordup: we didnt kill u yet lolo
(126:05 / All) rubidium: cause America is patient and cool when canada rides horses a little too much
(126:13 / All) dirtmcwordup: afk for 7 hours have fun
(126:19 / All) dirtmcwordup: ur friend left......he no wait.
(126:19 / All) bLinn: not patient and cool enough to win this game i guess
(126:20 / All) BEAR_AND: im out bye
(126:25 / All) rubidium: he's indian
(126:29 / All) rubidium: not american
(126:34 / All) bLinn: ~-^_^ **AFK** ^_^-~
(126:39 / All) dirtmcwordup: like chief powwow?
(128:44 / Allies) bLinn: walkin in
(128:46 / Allies) bLinn: a triangle
(132:14 / All) bLinn: can u see what im doin lol
(160:49 / All) rubidium: brb piss break
(164:12 / All) rubidium: so who all is here
(165:22 / All) rubidium: all I have to do is stay, if u kill me, America wins b/c we outlasted u, if u leave, America wins the game and outlasts u
(165:51 / All) dirtmcwordup: america is fat what do u say 2 that
(166:14 / All) BEAR_AND: fat america
(166:17 / All) bLinn: im glad osama threw planes on ur fuckin buildings
(166:21 / All) rubidium: I'm vegetarian, 6 feet and 145 lbs
(166:29 / All) BEAR_AND: prove it fatso
(166:36 / All) BEAR_AND: u got a face bok
(166:42 / All) rubidium: myspace
(166:47 / All) BEAR_AND: pfft u can faek a myspace
(167:01 / All) rubidium: they're all pictures either way
(168:24 / All) dirtmcwordup: u eat dick with ur side of fatness?
(168:28 / All) bLinn: lol if i print screened like 44 times in a row u wud get so mad but i would fill up my hard drive
(168:44 / All) rubidium: go ahead
(168:51 / All) bLinn: make my day
(169:04 / All) dirtmcwordup: u like guys?
(169:11 / All) rubidium: nope
(169:15 / All) dirtmcwordup: too abd lol
(169:17 / All) bLinn: so when u get bored and leave
(169:22 / All) bLinn: is that when america loses and we win?
(169:26 / All) dirtmcwordup: can u send me ur pic....i wanna see what u look lik
(169:37 / All) bLinn: its nice 2 know the face of the noob u just pwned
(169:44 / All) rubidium: check out my myspace.com/f3649
(169:48 / All) BEAR_AND: its like looking a man in the eyes when u stab him
(169:57 / All) dirtmcwordup: i wanna see if he reall has such a nice body like he say
(170:19 / All) bLinn: Mood: horny
(170:25 / All) BEAR_AND: Mood: horny
(170:41 / All) rubidium: Americans are that I'll admit
(170:53 / All) BEAR_AND: when i was 15 i coudl bend over & suck my own dog dick
(171:10 / All) dirtmcwordup: heh thats hot
(171:14 / All) bLinn: r those ur real glasses ? ? ? ?
(171:17 / All) dirtmcwordup: i bet it taste good
(171:17 / All) rubidium: wow Canadians have some weird traditions
(171:38 / All) dirtmcwordup: u ever see a nude man ?
(171:45 / All) bLinn: did you get your name in chemistry class were you just sitting there and like that is such a cool word it will make me cool on
(171:47 / All) bLinn: the internet
(172:18 / Allies) dirtmcwordup: rup
(172:51 / All) bLinn: u fucken
(172:56 / All) bLinn: resonant element in an atomic clock
(178:11 / All) bLinn: "Half the time I didn't know he was screwing me, a lot of the itme I thought it was someone else" -Richard 'Rubidium' Hall
(178:32 / All) rubidium: actually it's quotes I hear, got that from Sartren
(178:48 / All) bLinn: the quote is attributed to u...
(178:50 / All) bLinn: u said it...
(178:54 / All) bLinn: why wud u say it...
(178:58 / All) bLinn: if u didnt mean it...
(179:06 / All) rubidium: it says Quote of the Week, I hear it, I post it
(179:22 / All) BEAR_AND: that is a good way to live
(179:45 / All) bLinn: "I hear it, I post it" -Richard "Rupitude" Hall
(180:05 / All) BEAR_AND: "
(180:50 / All) bLinn: "nice one I caught your plan" -Richie 'Roadrage' Shawl
(181:57 / All) bLinn: "cmon just finish" -Roger 'Redtail' Schnider
(183:00 / All) bLinn: "well we lost, but at least we waited and u didnt" -Ronald 'The Raptor' Sherman
(184:35 / All) bLinn: "brb piss break" -Giles 'Platinum' Fortesque
(185:26 / All) bLinn: "I'm vegetarian, 6ft and 145 lbs" -Johnny 'The Rat' Rodriguez
(185:57 / All) bLinn: "Mood: horny" -Chris 'Rubidium' Tandoi
(187:08 / All) rubidium: so you ever watch PurePwnage?
(187:15 / All) bLinn: "Male, 15 years old, Dunkirk, Maryland" -Cletus 'The Purveyor' Johnson
(187:30 / All) bLinn: is that a reality show about you cos u get pwned a lot purely
(187:49 / All) rubidium: no it's a canadian gamer show
(190:06 / All) bLinn: "no it's a canadian gamer show" -Emanuelle 'Ladykiller' Vorez
(196:19 / Allies) bLinn: shane payne
(196:30 / Allies) dirtmcwordup: shane "the pain" payne
(196:39 / Allies) BEAR_AND: shane "pain" payne
(196:49 / Allies) bLinn: tyler 'smiler' kerr
(196:58 / Allies) bLinn: chris 'bliss' tandoi
(197:11 / Allies) dirtmcwordup: shane what is ur last name!
(197:22 / Allies) bLinn: rutherford
(197:28 / Allies) dirtmcwordup: o
(197:43 / Allies) bLinn: u no like ernst rutherford he probably wasn't related 2 me
(197:49 / Allies) dirtmcwordup: probly.........
(197:52 / Allies) dirtmcwordup: do u visit ireland often.
(198:01 / Allies) dirtmcwordup: teh repub,.
(198:15 / Allies) dirtmcwordup: rome was a republic did u know that
(198:18 / Allies) bLinn: on ocassion
(198:23 / Allies) bLinn: but i have no reason to
(198:35 / Allies) bLinn: i don't speak gaelic, they use the euro & i don't know anybody who lives there
(199:07 / Allies) dirtmcwordup: do u want northeren i.land to stay the way it is or for i.land to be unified as 1 coutnry.
(199:22 / All) dirtmcwordup: yo neegsro are u her.e
(199:25 / Allies) bLinn: i think it's ok to stay
(199:26 / All) dirtmcwordup: ¿
(199:26 / Allies) bLinn: the way it is
(199:34 / Allies) dirtmcwordup: is there a lot of violence etc still
(199:45 / All) rubidium: fuck spanish
(199:53 / All) dirtmcwordup: que pasa homles
(200:04 / All) dirtmcwordup: ¿ud. es una putA?
(200:04 / Allies) bLinn: i haven't seen any but some people still hate the other side
(200:10 / All) rubidium: aren't canadien's french?
(200:18 / All) dirtmcwordup: trilingiual llol.
(200:23 / All) bLinn: bonjour je m'apelle richard hall
(200:25 / All) dirtmcwordup: english im bad with though
(200:34 / All) dirtmcwordup: my worse language
(200:45 / All) bLinn: est-ce que tu aimes lecher mes balls?
(200:52 / All) dirtmcwordup: oui oui
(200:54 / All) dirtmcwordup: lol
(200:56 / All) rubidium: yet u choose an english sn
(201:16 / All) dirtmcwordup: dirtmcgirt . . . aka ODB aka ..... GHOST face KILLAH
(201:20 / All) bLinn: blinn is a french word it means 'to be born on a mountain top in spring'
(201:34 / All) dirtmcwordup: c'est le blinn? non
(202:01 / All) dirtmcwordup: have you ever heared of old dirt bastard
(202:06 / All) bLinn: parce que il est né en espagne!
(203:45 / All) dirtmcwordup: marvelique
(204:01 / All) dirtmcwordup: how long u gonnan stay fat boy amerikaner
(204:03 / All) bLinn: malheureusement....
(204:27 / All) bLinn: quelquefois je suis un croque monsieur
(204:45 / All) rubidium: as long as it takes for your drug smuggling horse fucking country takes to quit this game
(205:00 / All) dirtmcwordup: do u know much about history or other culture
(205:17 / All) rubidium: yes I know a lot of history and other culture
(205:31 / All) bLinn: DONT U EVEN FUCKEN KNOW U FUNDED TERRORISTS IN THE AFGHANISTAN WAR OF 1980????
(205:47 / All) rubidium: that was the stupid republicans!
(205:52 / All) dirtmcwordup: lol fat american know nothing but cheeseburger and SUV
(206:00 / All) dirtmcwordup: do u speak any language.
(206:05 / All) bLinn: besides 'american'
(206:17 / All) bLinn: and it's not english because i have heard some americans that is not english
(206:38 / All) dirtmcwordup: hello
(206:46 / All) dirtmcwordup: even your fat president who get shot speak language
(206:56 / All) dirtmcwordup: ich bin ein berliner.....
(206:59 / All) bLinn: "I am a sausage"
(207:05 / All) dirtmcwordup: did u ever hear that
(207:21 / All) bLinn: have u even been to the grassy knoll? lol u rup
(208:23 / All) dirtmcwordup: hello
(208:30 / All) rubidium: hello
(208:38 / All) bLinn: he is dead.. passed out in a pile of pictures of mao zedong
(209:43 / Allies) bLinn: 2 peepl
(209:47 / Allies) bLinn: peep & creep
(210:26 / All) rubidium: yay
(210:34 / All) dirtmcwordup: he go to sleep............................
(211:13 / All) rubidium: isn't it always dark in Canada, how do you know when to sleep?
(211:28 / All) dirtmcwordup: our eyes not block by fat
(211:38 / All) dirtmcwordup: adios
(212:18 / All) rubidium: if u all leave, I'll honor Canada for going so long and claim u won
(212:31 / All) dirtmcwordup: ok good bye fat
(212:39 / All) rubidium: au revoir
(218:48 / All) rubidium: so what channels do you all get in Canada?
(250:53 / All) rubidium: sooooooo.....
(250:56 / All) rubidium: anyone here?
(406:35 / All) rubidium: hey when u wake up and read this, remember, if u quit, it proves that America is desperate to win at all costs